 Dungeon Crawl Stone Soup version 0.27-a0-216-g1fbed8a51c (webtiles) character file.

Game seed: 1182334564916687861

256 jasper the Shooter (level 5, -1/26 HPs)
             Began as a Spriggan Arcane Marksman on Jan 31, 2021.
             Slain by a hound (5 damage)
             ... on level 4 of the Dungeon.
             The game lasted 00:04:24 (4697 turns).

jasper the Shooter (Spriggan Arcane Marksman)       Turns: 4697, Time: 00:04:25

Health: -1/26      AC:  2    Str:  6    XL:     5   Next: 92%
Magic:  8/8        EV: 20    Int: 14    God:
Gold:   206        SH:  5    Dex: 18    Spells: 5/6 levels left

rFire    + + .     SeeInvis +   a - +0 shortbow
rCold    . . .     Faith    .   (shield currently unavailable)
rNeg     . . .     Spirit   .   e - +0 robe
rPois    .         Reflect  +   (helmet restricted)
rElec    .         Harm     .   (no cloak)
rCorr    .         Rampage  .   (gloves unavailable)
Will     .....                  (boots unavailable)
Stlth    +++.......             r - amulet of reflection
HPRegen  0.08/turn              f - ring of protection from fire
MPRegen  0.11/turn              n - ring of protection from fire

@: very quick
A: very small, unfitting armour, see invisible, speed 3
a: no special abilities


You were on level 4 of the Dungeon.
You visited 1 branch of the dungeon, and saw 4 of its levels.

You collected 206 gold pieces.

Inventory:

Hand Weapons
 a - a +0 shortbow (weapon)
 b - a +1 short sword of draining
 t - a +0 dagger of venom
Missiles
 d - 44 arrows (quivered ammo)
Armour
 e - a +0 robe (worn)
Jewellery
 f - a ring of protection from fire (left hand)
 g - an uncursed amulet of magic regeneration
 n - a ring of protection from fire (right hand)
 q - a +6 ring of intelligence
 r - an amulet of reflection (around neck)
 u - an uncursed ring of flight
 v - a +6 ring of intelligence
Wands
 y - a wand of acid (8)
Scrolls
 c - a scroll of random uselessness {unknown}
 h - 2 scrolls of noise {unknown}
 i - 2 scrolls of amnesia {unknown}
 k - 6 scrolls of teleportation {unknown}
 p - 5 scrolls of identify {unknown}
Potions
 j - a potion of magic {unknown}
 l - a potion of mutation {unknown}
 m - 2 potions of invisibility
 o - a potion of ambrosia {unknown}
 s - a potion of resistance {unknown}
 w - a potion of brilliance {unknown}
 x - a potion of curing {unknown}


   Skills:
 + Level 2.1 Fighting
 * Level 5.1 Bows
 + Level 4.7 Dodging
 + Level 3.8 Stealth
 - Level 1.3 Spellcasting
 - Level 3.6 Hexes


You had 5 spell levels left.
You knew the following spells:

 Your Spells              Type           Power        Failure   Level
a - Corona                Hex            12%          6%          1

Your spell library contained the following spells:

 Spells                   Type           Power        Failure   Level
 Slow                     Hex            11%          9%          2
 Shock                    Conj/Air       0%           26%         1
 Swiftness                Air            0%           36%         2
 Inner Flame              Hex/Fire       6%           36%         3
 Portal Projectile        Hex/Tloc       12%          36%         3
 Cause Fear               Hex            5%           50%         4
 Static Discharge         Conj/Air       0%           58%         3
 Leda's Liquefaction      Hex/Erth       3%           77%         4
 Airstrike                Air            0%           94%         4
 Lightning Bolt           Conj/Air       0%           100%        5


Dungeon Overview and Level Annotations

Branches:
Dungeon (4/15)
 Temple: D:4-7

Altars:
Gozag
Hepliaklqana
Qazlal
Trog
Uskayaw
Vehumet
Zin
The Shining One


Innate Abilities, Weirdness & Mutations

You are very small and have problems with some larger weapons.
You are too small for most types of armour.
You have supernaturally acute eyesight. (SInv)
You cover ground extremely quickly.


Message History

The arrow hits the hound but does no damage.
The hound is moderately wounded.
You block the hound's attack. The orc barely misses you. The hound misses you.
Evoke which item? (* to show all) (? for menu, Esc to quit)
Aiming: Corrosive Bolt
Press: ? - help, Shift-Dir - straight line, f/p - hound
Aim: a hound (moderately wounded, heavily drained, 40% to evade)
The bolt of acid hits the hound.
The hound is splashed with acid.
The acid corrodes the hound!
The hound is almost dead.
The bolt of acid hits the orc.
The orc is splashed with acid.
The acid corrodes the orc!
You kill the orc!
Fire: 45 arrows
Press: ? - help, Q - select action, (/) - cycle Shift-Dir - straight line, f/p - hound
Aim: a hound (almost dead, covered in acid, heavily drained, 54% to hit)
You shoot an arrow. The arrow closely misses the hound.
The arrow closely misses the orc.
The hound seems less drained.
The hound bites you.
You die...

###)# #....# #.......# #.# #....#
#.......# #.# ###### #.......#
#.# ####### #.....### #.# #.....#
#.....# #.### #.....# #.....#
###.#.#####.....#########.....##
#..>......+............(((.....##
..........#.[...@h...o(##........
..........#............##........
..........#.....^......##........
.......................##........
......................[#######...
##.........###.........# #...
##.........# #..[......# ######'
##.........# ########### #......
##.........# #......


You could see a hound (corroded) and an orc.

Vanquished Creatures
  A centaur (D:4)
  An orc wizard (D:3)
  3 gnolls
  6 adders
  An adder skeleton (D:4)
  A dart slug (D:2)
  6 orcs
  6 bats
  A giant cockroach (D:1)
  5 goblins
  4 hobgoblins
  13 jackals
  4 kobolds
  A quokka (D:3)
  A ball python (D:2)
  4 frilled lizards
  A leopard gecko skeleton (D:4)
  4 rats
63 creatures vanquished.

Notes
Turn   | Place    | Note
-------+----------+-------------------------------------------
     0 | D:1      | jasper the Spriggan Arcane Marksman began the quest for the
                  | Orb.
     0 | D:1      | Reached XP level 1. HP: 9/9 MP: 3/3
   384 | D:1      | Reached skill level 1 in Fighting
   386 | D:1      | Reached skill level 1 in Stealth
   386 | D:1      | Reached XP level 2. HP: 13/14 MP: 5/5
   552 | D:1      | Reached skill level 3 in Bows
  1332 | D:2      | Reached XP level 3. HP: 16/18 MP: 6/6
  1372 | D:2      | Found a bloodstained altar of Trog.
  1614 | D:2      | Found a hide-covered altar of Uskayaw.
  1615 | D:2      | Found an opulent altar of Gozag.
  2399 | D:2      | Reached XP level 4. HP: 22/22 MP: 7/7
  2481 | D:3      | Found a stormy altar of Qazlal.
  2525 | D:3      | Reached skill level 4 in Bows
  2934 | D:3      | Found a glowing golden altar of the Shining One.
  2989 | D:3      | Found a glowing silver altar of Zin.
  3418 | D:3      | Reached XP level 5. HP: 25/26 MP: 8/8
  3617 | D:3      | Found a radiant altar of Vehumet.
  3639 | D:3      | Found a hazy altar of Hepliaklqana.
  4242 | D:4      | Noticed a centaur
  4267 | D:4      | Killed a centaur
  4268 | D:4      | Reached skill level 5 in Bows
  4697 | D:4      | Slain by a hound

Illustrated notes

Levels and vault maps discovered:
D:1:      nagdon_arrival_double_spiral, layout_basic
D:2:      layout_basic, lightli_temple_of_fire, gammafunk_temple_overflow_pools
D:3:      layout_loops_corners, nzn_hepliaklqana_mist_gate, fiery_altar_vehumet,
          grunt_temple_overflow_open
D:4:      layout_basic

Skill      XL: |  1  2  3  4  5 |
---------------+----------------+-----
Fighting       | 1 2 |  2.1
Stealth        | 1 2 3 |  3.8
Bows           | 3 4 5 |  5.1
Dodging        | 4 |  4.7
Spellcasting   | |  1.3
Hexes          | |  3.6

Action                   |  1- 3 |  4- 6 || total
-------------------------+-------+-------++-------
Melee: Short sword       |    75 |    77 ||   152
       Dagger            |       |    13 ||    13
 Fire: Shortbow          |    36 |    24 ||    60
Evoke: Wand              |       |     1 ||     1
  Use: Potion            |       |     1 ||     1
 Stab: Sleeping          |     4 |     4 ||     8
Armor: Robe              |     7 |     2 ||     9
Dodge: Dodged            |    85 |    86 ||   171
Block: Other             |     6 |    27 ||    33
       Reflection        |       |     2 ||     2

Table legend: (Time is in decaauts)
 A = Elapsed time spent in this place.
 B = Non-inter-level travel time spent in this place.
 C = Inter-level travel time spent in this place.
 D = Time resting spent in this place.
 E = Time spent auto-exploring this place.
 F = Levels seen in this place.
 G = Mean time per level.
                   A        B        C        D        E       F      G
               +--------+--------+--------+--------+--------+-----+--------+
         Total |   3634 |   3537 |     97 |   1006 |   2031 |   4 |  908.5 |
       Dungeon |   3634 |   3537 |     97 |   1006 |   2031 |   4 |  908.5 |
               +--------+--------+--------+--------+--------+-----+--------+

Top non-repeatable levels by time:
     D:3: 1155 daAuts
     D:1: 951 daAuts
     D:2: 851 daAuts
     D:4: 676 daAuts
